 Dungeon Crawl Stone Soup version 0.30-a0-169-g06f667207d (webtiles) character file.

Game seed: 15871951941045583647

1436 qw the Cleaver (level 8, -8/49 HPs)
             Began as a Gargoyle Fighter on Sept 30, 2022.
             Was a Follower of Okawaru.
             Killed from afar by a gnoll (16 damage)
             ... with a bolt of acid
             ... led by a gnoll sergeant
             ... on level 6 of the Dungeon.
             The game lasted 00:02:25 (7271 turns).

qw the Cleaver (Gargoyle Fighter)                   Turns: 7271, Time: 00:02:25

Health: -8/49      AC: 13    Str: 22    XL:     8   Next: 73%
Magic:  10/11      EV:  9    Int:  9    God:    Okawaru [*.....]
Gold:   305        SH:  5    Dex:  9    Spells: 7/7 levels left

rFire   . . .      SeeInvis +    Y - +0 war axe
rCold   . . .      Faith    .    c - +0 buckler
rNeg    + . .      Spirit   .    g - +0 chain mail
rPois   inf        Reflect  .    k - +0 helmet
rElec   +          Harm     .    h - +0 cloak
rCorr   .          Rampage  .    n - +0 pair of gloves
Will    .....                    (no boots)
Stlth   ..........               (no amulet)
HPRegen 0.16/turn                m - ring of see invisible
MPRegen 0.12/turn                (no ring)

@: heroic, corroded
A: sickness immunity, AC +5, negative energy resistance 1, electricity
resistance, torment resistance 1, petrification resistance
a: Renounce Religion, Heroism


You were on level 6 of the Dungeon.
You worshipped Okawaru.
Okawaru was aware of your devotion.
You visited 2 branches of the dungeon, and saw 7 of its levels.

You collected 305 gold pieces.


Innate Abilities, Weirdness & Mutations

You are immune to sickness and miasma.
Your stone body is resilient. (AC +5)
You are immune to poison.
You resist negative energy. (rN+)
You are resistant to electric shocks. (rElec)
You are resistant to unholy torment.
You are immune to petrification.


   Skills:
 + Level 5.1(10.1) Fighting
 - Level 8.0(13.0) Axes
 - Level 4.0(9.0) Armour
 - Level 1.2(6.2) Dodging
 - Level 3.2(8.2) Shields
 - Level 4.0 Invocations


You had 7 spell levels left.
You didn't know any spells.
Your spell library was empty.

Inventory:

Hand Weapons
 f - a +0 flail
 Y - a +0 war axe (weapon)
Armour
 c - a +0 buckler (worn)
 g - a +0 chain mail (worn)
 h - a +0 cloak (worn)
 k - a +0 helmet (worn)
 n - a +0 pair of gloves (worn)
 s - a +0 crystal plate armour
Jewellery
 a - a ring of fire
 m - a ring of see invisible (left hand)
Scrolls
 l - a scroll of identify
 t - a scroll of immolation {unknown}
Potions
 b - a potion of attraction
 d - a potion of might
 e - a potion of resistance {unknown}
 i - a potion of curing
 j - a potion of haste {unknown}
 o - a potion of heal wounds {unknown}
 q - a potion of brilliance {unknown}
 r - a potion of magic {unknown}

Dungeon Overview and Level Annotations

Branches:
Dungeon (6/15)             Temple (1/1) D:4

Altars:
Ashenzari
Cheibriados
Dithmenos
Elyvilon
Fedhas
Gozag
Hepliaklqana
Kikubaaqudgha
Makhleb
Nemelex Xobeh
Okawaru
Qazlal
Ru
Sif Muna
Trog
Uskayaw
Vehumet
Wu Jian
Xom
Yredelemnul
Zin
The Shining One


Message History

You block the gnoll's attack. The gnoll barely misses you.
You block the gnoll's attack.
You slash the gnoll sergeant!
The gnoll sergeant is almost dead.
The gnoll hits you but does no damage. x3
The gnoll sergeant hits you but does no damage.
You hit the gnoll sergeant.
You kill the gnoll sergeant!
Okawaru accepts your kill. You block the gnoll's attack.
The gnoll barely misses you.
The gnoll zaps a wand.
The bolt of acid hits you. The acid corrodes you!
Your base Axes skill increases to level 8!
You block the gnoll's attack. The gnoll hits you but does no damage.
The gnoll barely misses you.
The gnoll zaps a wand.
The bolt of acid misses you.
Things that are here:
a +0 spear; a +0 scale mail; a gnoll corpse You barely miss the gnoll.
You block the gnoll's attack. x2; The gnoll hits you but does no damage.
The gnoll hits you from afar with a +2 spear of pain.
You closely miss the gnoll.
The gnoll hits you but does no damage. x4
You barely miss the gnoll. The gnoll hits you with a +0 spear.
The gnoll hits you but does no damage. The gnoll barely misses you.
The gnoll zaps a wand.
The bolt of acid hits you! The acid corrodes you!
7268 ||| READING scroll of teleportation.
As you read the scroll of teleportation, it crumbles to dust.
You feel strangely unstable. The gnoll hits you with a +0 spear.
You block the gnoll's attack. The gnoll hits you but does no damage.
You block the gnoll's attack.
You slash the gnoll!
You kill the gnoll!
Okawaru accepts your kill. You block the gnoll's attack.
The gnoll barely misses you. The gnoll hits you but does no damage.
You slash the gnoll!
The gnoll is heavily wounded.
Your surroundings seem slightly different.
The gnoll barely misses you.
The gnoll zaps a wand.
The bolt of acid hits you!
You die...

## .# .# .# .## #### .#
# ..## ..# .# .# #..####
#.# ##.##.##
##....###.######......##
####...................
##........##@.....##
####.#.....g.g##...
#.#..###ยค)g..... #.#..#
#).g.....
#.#..###.#####..
#.#......# .
#####.#.######
#.........# #.#####.###


You could see 4 gnolls.

Vanquished Creatures
  A water moccasin (D:5)
  A black bear (D:5)
  An ogre (D:6)
  A phantom (D:5)
  2 kobold brigands
  2 gnoll sergeants
  2 scorpions
  2 necrophages
  A howler monkey (D:5)
  2 jellies
  2 hounds (D:5)
  2 iguanas
  11 gnolls
  10 adders
  3 white imps
  2 ufetubi (D:4)
  3 worms
  4 dart slugs
  6 orcs
  2 ball pythons
  7 endoplasms
  7 giant cockroaches
  11 hobgoblins
  8 jackals
  18 kobolds
  3 quokkas
  7 bats
  3 frilled lizards
  5 goblins
  8 rats
137 creatures vanquished.

Vanquished Creatures (others)
  A scorpion (D:5)
  5 kobolds (D:5)
  53 plants (D:5)
59 creatures vanquished.

Grand Total: 196 creatures vanquished

Notes
Turn   | Place    | Note
-------+----------+-------------------------------------------
     0 | D:1      | qw the Gargoyle Fighter began the quest for the Orb.
     0 | D:1      | Reached XP level 1. HP: 14/14 MP: 1/1
     0 | D:1      | 0 ||| qw: Version: 0.2-a-12-gaebbb33
     0 | D:1      | 0 ||| qw: Game counter: 1376
     0 | D:1      | 0 ||| qw: Always use a shield: true
     0 | D:1      | 0 ||| qw: God list: Okawaru
     0 | D:1      | 0 ||| qw: Allow faded altars: false
     0 | D:1      | 0 ||| qw: Do Orc after D:15 true
     0 | D:1      | 0 ||| qw: Do second Lair branch before Depths: true
     0 | D:1      | 0 ||| qw: Lair rune preference: random
     0 | D:1      | 0 ||| qw: Plans: Normal, Zot:1-4, God:TSO, Crypt, Tomb,
                  | Pan, Slime:5, Hells, Abyss, Orb
     0 | D:1      | 0 ||| PLANNING D:1-11
    46 | D:1      | Reached skill level 2 in Axes
   143 | D:1      | 143 ||| Stepping ~*~*~tactically~*~*~ (stealth).
   231 | D:1      | 231 ||| Stepping ~*~*~tactically~*~*~ (hiding).
   238 | D:1      | Reached XP level 2. HP: 12/19 MP: 2/2
   425 | D:1      | Reached skill level 3 in Axes
   599 | D:1      | Reached XP level 3. HP: 23/23 MP: 3/3
   623 | D:1      | 623 ||| Stepping ~*~*~tactically~*~*~ (stealth).
   624 | D:1      | 624 ||| Stepping ~*~*~tactically~*~*~ (stealth).
   893 | D:1      | 893 ||| Stepping ~*~*~tactically~*~*~ (stealth).
   922 | D:1      | 922 ||| Stepping ~*~*~tactically~*~*~ (stealth).
   924 | D:1      | 924 ||| Stepping ~*~*~tactically~*~*~ (stealth).
   925 | D:1      | 925 ||| Stepping ~*~*~tactically~*~*~ (stealth).
  1125 | D:1      | Found a faded altar of an unknown god.
  1204 | D:1      | Reached XP level 4. HP: 28/28 MP: 4/4
  1367 | D:1      | 1367 ||| UPGRADING to +0 cloak.
  1372 | D:1      | 1372 ||| READING scroll labelled WIOWO PIUTET.
  1375 | D:1      | 1375 ||| READING scroll labelled IFAJE NYFEN.
  1536 | D:2      | Reached skill level 4 in Axes
  1543 | D:2      | 1543 ||| Stepping ~*~*~tactically~*~*~ (hiding).
  1545 | D:2      | 1545 ||| Stepping ~*~*~tactically~*~*~ (hiding).
  1622 | D:2      | 1622 ||| Stepping ~*~*~tactically~*~*~ (hiding).
  1623 | D:2      | 1623 ||| Stepping ~*~*~tactically~*~*~ (hiding).
  1782 | D:2      | 1782 ||| Stepping ~*~*~tactically~*~*~ (stealth).
  1845 | D:2      | 1845 ||| Stepping ~*~*~tactically~*~*~ (stealth).
  1855 | D:2      | Reached XP level 5. HP: 32/32 MP: 5/5
  2110 | D:2      | 2110 ||| UPGRADING to +0 chain mail.
  2120 | D:2      | 2120 ||| DROPPING +0 scale mail.
  2121 | D:2      | 2121 ||| READING scroll labelled NUSO GASAMNI.
  2122 | D:2      | 2122 ||| READING scroll labelled COHIMO ZETO.
  2123 | D:2      | 2123 ||| READING scroll labelled PUUSHR TOFE.
  2195 | D:3      | 2195 ||| Stepping ~*~*~tactically~*~*~ (stealth).
  2196 | D:3      | 2196 ||| Stepping ~*~*~tactically~*~*~ (stealth).
  2204 | D:3      | 2204 ||| Stepping ~*~*~tactically~*~*~ (stealth).
  2210 | D:3      | 2210 ||| Stepping ~*~*~tactically~*~*~ (stealth).
  2214 | D:3      | 2214 ||| Stepping ~*~*~tactically~*~*~ (stealth).
  2215 | D:3      | 2215 ||| Stepping ~*~*~tactically~*~*~ (stealth).
  2367 | D:3      | 2367 ||| Stepping ~*~*~tactically~*~*~ (stealth).
  2672 | D:3      | Reached skill level 5 in Axes
  3106 | D:3      | Found a blossoming altar of Fedhas.
  3106 | D:3      | Found a white marble altar of Elyvilon.
  3264 | D:3      | 3264 ||| UPGRADING to +0 helmet.
  3269 | D:3      | 3269 ||| READING 2 scrolls of identify.
  3269 | D:3      | 3269 ||| IDENTIFYING white potion
  3270 | D:3      | 3270 ||| DROPPING potion of degeneration.
  3626 | D:4      | 3626 ||| Stepping ~*~*~tactically~*~*~ (stealth).
  3627 | D:4      | 3627 ||| Stepping ~*~*~tactically~*~*~ (stealth).
  3628 | D:4      | 3628 ||| Stepping ~*~*~tactically~*~*~ (stealth).
  3777 | D:4      | Noticed a kobold brigand
  3781 | D:4      | 3781 ||| Stepping ~*~*~tactically~*~*~ (stealth).
  3799 | D:4      | Killed a kobold brigand
  3800 | D:4      | Reached XP level 6. HP: 32/39 MP: 6/6
  3922 | D:4      | Found a staircase to the Ecumenical Temple.
  3923 | D:4      | 3923 ||| PLANNING TEMPLE
  3923 | D:4      | 3923 ||| UPGRADING to +0 pair of gloves.
  3928 | D:4      | 3928 ||| UPGRADING to ring of see invisible.
  3929 | D:4      | 3929 ||| READING 2 scrolls of identify.
  3929 | D:4      | 3929 ||| IDENTIFYING red potion
  3938 | Temple   | Entered the Ecumenical Temple
  4066 | Temple   | 4066 ||| PLANNING OKAWARU WORSHIP
  4356 | Temple   | Became a worshipper of Warmaster Okawaru
  4357 | Temple   | 4357 ||| PLANNING D:1-11
  5105 | D:5      | Entered Level 5 of the Dungeon
  5106 | D:5      | 5106 ||| PLANNING OSSUARY
  5108 | D:5      | 5108 ||| STAIRDANCE
  5115 | D:5      | 5115 ||| STAIRDANCE
  5140 | D:5      | 5140 ||| STAIRDANCE
  5360 | D:5      | 5360 ||| STAIRDANCE
  5501 | D:5      | 5501 ||| STAIRDANCE
  5516 | D:5      | 5516 ||| Stepping ~*~*~tactically~*~*~ (stealth).
  5518 | D:5      | 5518 ||| Stepping ~*~*~tactically~*~*~ (hiding).
  5520 | D:5      | 5520 ||| STAIRDANCE
  5625 | D:5      | 5625 ||| STAIRDANCE
  5645 | D:5      | 5645 ||| STAIRDANCE
  5732 | D:5      | Reached skill level 6 in Axes
  5732 | D:5      | Reached XP level 7. HP: 44/44 MP: 7/7
  5747 | D:5      | 5747 ||| Stepping ~*~*~tactically~*~*~ (stealth).
  5798 | D:5      | Reached skill level 1 in Dodging
  5843 | D:5      | 5843 ||| RIP OSSUARY
  5859 | D:5      | 5859 ||| PLANNING D:1-11
  5965 | D:5      | Reached * piety under Okawaru
  5967 | D:5      | 5967 ||| INVOKING Heroism.
  5969 | D:5      | Reached skill level 1 in Invocations
  6275 | D:5      | 6275 ||| Stepping ~*~*~tactically~*~*~ (stealth).
  6276 | D:5      | 6276 ||| Stepping ~*~*~tactically~*~*~ (stealth).
  6429 | D:5      | 6429 ||| INVOKING Heroism.
  6440 | D:5      | Reached skill level 7 in Axes
  6440 | D:5      | Reached XP level 8. HP: 48/48 MP: 7/9
  6489 | D:5      | 6489 ||| INVOKING Heroism.
  6500 | D:5      | Reached skill level 3 in Invocations
  6511 | D:5      | 6511 ||| INVOKING Heroism.
  6820 | D:5      | 6820 ||| READING scroll labelled KUOTAKK BAELACERA.
  6821 | D:5      | 6821 ||| DRINKING 2 coppery potions.
  6867 | D:6      | 6867 ||| Stepping ~*~*~tactically~*~*~ (stealth).
  6870 | D:6      | 6870 ||| INVOKING Heroism.
  6952 | D:6      | 6952 ||| Stepping ~*~*~tactically~*~*~ (stealth).
  6956 | D:6      | 6956 ||| INVOKING Heroism.
  6977 | D:6      | 6977 ||| INVOKING Heroism.
  7210 | D:6      | 7210 ||| INVOKING Heroism.
  7247 | D:6      | 7247 ||| Stepping ~*~*~tactically~*~*~ (hiding).
  7255 | D:6      | 7255 ||| INVOKING Heroism.
  7264 | D:6      | Reached skill level 8 in Axes
  7267 | D:6      | HP: 9/49 [gnoll/bolt of acid[a gnoll sergeant] (12)]
  7268 | D:6      | 7268 ||| READING scroll of teleportation.
  7271 | D:6      | Killed from afar by a gnoll

Levels and vault maps discovered:
D:1:      scummos_arrival_star, layout_basic, chequers_ecumenical_altar_island,
          chequers_serial_rivers_large_b
D:2:      kennysheep_six_static_rooms, layout_loops_ring
D:3:      layout_loops_corners, gammafunk_temple_overflow_wave,
          minmay_misc_feat_encased
D:4:      layout_layer_cave, temple_hall, minivault_27,
          eino_small_chamber_without_monster
D:5:      kennysheep_kobold_camp, layout_cave_pools, enter_ossuary_5,
          roderic_lattice_a, kennysheep_generic_room_15
D:6:      layout_basic
Temple:   mainiacjoe_temple_big_plus

Skill      XL: |  1  2  3  4  5  6  7  8 |
---------------+-------------------------+-----
Axes           | 2 3 4 5 6 7 8 |  8.0
Fighting       | 4 5 |  5.1
Dodging        | 1 |  1.2
Invocations    | 2 4 |  4.0
Armour         | 4 |  4.0
Shields        | |  3.2

Action                   |  1- 3 |  4- 6 |  7- 9 || total
-------------------------+-------+-------+-------++-------
Melee: War axe           |    89 |   245 |   179 ||   513
Invok: Heroism           |       |       |     9 ||     9
  Use: Scroll            |       |     7 |     2 ||     9
       Potion            |       |       |     1 ||     1
Armor: Scale mail        |    48 |    42 |       ||    90
       Chain mail        |       |   115 |   120 ||   235
Dodge: Dodged            |    49 |    88 |    77 ||   214
Block: Buckler           |    15 |    47 |    40 ||   102

Table legend:
 A = Non-vault XP
 B = Vault XP
 C = Vault XP percentage of total XP
 D = Non-vault monster count
 E = Vault monster count
 F = Vault count percentage of total count
                 A         B        C        D         E       F
            +---------+---------+-------+---------+---------+-------
      Total |    1865 |     187 |   9.1 |     114 |      23 |  16.8
            +---------+---------+-------+---------+---------+-------
        D:1 |      86 |       0 |   0.0 |      32 |       0 |   0.0
        D:2 |      44 |      46 |  51.1 |      17 |       6 |  26.1
        D:3 |      72 |       0 |   0.0 |      18 |       0 |   0.0
        D:4 |     327 |       8 |   2.4 |      19 |       5 |  20.8
        D:5 |     823 |     133 |  13.9 |      15 |      12 |  44.4
        D:6 |     513 |       0 |   0.0 |      13 |       0 |   0.0
            +---------+---------+-------+---------+---------+-------
